 Dungeon Crawl Stone Soup version 0.31-a0-516-gfcb59812bd (webtiles) character file.

Game seed: 18375078042427149834

332 Gargoyl the Trooper (level 6, -3/39 HPs)
             Began as a Gargoyle Berserker on Aug 10, 2023.
             Was a Believer of Trog.
             Slain by a kobold
             ... wielding a +1 whip of distortion
              (6 damage)
             ... on level 3 of the Dungeon.
             The game lasted 00:03:42 (2581 turns).

Gargoyl the Trooper (Gargoyle Berserker)            Turns: 2581, Time: 00:03:43

Health: -3/39      AC: 16    Str: 21    XL:     6   Next: 52%
Magic:  6/6        EV: 11    Int:  7    God:    Trog [**....]
Gold:   127        SH:  0    Dex: 11    Spells: 5/5 levels left

rFire   . . .        a - +0 hand axe (protect)
rCold   . . .        (no shield)
rNeg    + . .        f - +4 ring mail
rPois   ∞            (no helmet)
rElec   +            (no cloak)
rCorr   .            b - +0 pair of gloves
SInv    .            i - +0 pair of boots
Will    ++...        (no amulet)
Stlth   +            (no ring)
HPRegen 1.26/turn    (no ring)
MPRegen 0.10/turn

%: no passive effects
@: brilliant, strong-willed, on berserk cooldown, regenerating, slowed, very
slow
A: sickness immunity, AC +4, negative energy resistance 1, electricity
resistance, torment resistance 1, petrification resistance
a: Renounce Religion, Berserk, Trog's Hand


You were on level 3 of the Dungeon.
You worshipped Trog.
Trog was pleased with you.
You visited 1 branch of the dungeon, and saw 3 of its levels.

You collected 127 gold pieces.

Inventory:

Hand Weapons
 a - a +0 hand axe of protection (weapon)
 d - a +0 whip of venom
Missiles
 c - a throwing net
 k - 13 poisoned darts (quivered)
Armour
 b - a +0 pair of gloves (worn)
 f - a +4 ring mail (worn)
 i - a +0 pair of boots (worn)
Scrolls
 e - 3 scrolls of identify
 g - a scroll of poison
 l - a scroll of teleportation
Potions
 h - a potion of brilliance
 j - a potion of berserk rage
 p - a potion of invisibility {unknown}
 t - a potion of enlightenment {unknown}


   Skills:
 + Level 4.3 Fighting
 + Level 4.3(4.5) Axes
 + Level 2.1(3.7) Maces & Flails
 + Level 3.5 Armour
 + Level 2.5 Dodging
 + Level 0.5 Stealth


You had 5 spell levels left.
You didn't know any spells.
Your spell library was empty.

Dungeon Overview and Level Annotations

Branches:
Dungeon (3/15)

Altars:
Kikubaaqudgha
Sif Muna
Yredelemnul
The Shining One
Lugonu

Portals:
Abyss: D:3


Innate Abilities, Weirdness & Mutations

You are immune to sickness and miasma.
Your stone body is resilient. (AC +4)
You are immune to poison.
You resist negative energy. (rN+)
You are resistant to electric shocks. (rElec)
You are resistant to unholy torment.
You are immune to petrification.


Message History

You feel yourself moving faster!
You feel mighty! The kobold closely misses you.
The kobold completely misses you. The kobold hits you but does no damage.
Space warps horribly around you!!
* * * LOW HITPOINT WARNING * * *
Unknown command.
You slash the kobold!
You kill the kobold!
Trog accepts your kill.
You barely miss the kobold. x2; The kobold hits you but does no damage.
The kobold barely misses you. The kobold hits you but does no damage.
The kobold barely misses you.
You see here a +2 dagger of distortion.
You hit the kobold.
The kobold is severely wounded.
You hit the kobold.
You kill the kobold!
Trog accepts your kill. The kobold completely misses you.
You slash the kobold!
You kill the kobold!
Trog accepts your kill.
k - 13 poisoned darts (gained 2)
Things that are here:
a +0 whip; a kobold corpse You feel a strong urge to attack something.
There is a large open translucent door here.
You are no longer berserk.
You are exhausted.
You feel yourself slow down.
Your skin crawls.
You feel strong-willed.
It was a potion of brilliance.
You feel clever all of a sudden. The kobold barely misses you.
It was a potion of curing.
You feel better.
The kobold hits you with a +1 whip of distortion.
Space warps horribly around you!
* * * LOW HITPOINT WARNING * * *
The kobold hits you but does no damage. Space warps around you.
You die...

...#.#.....#####.##.##...........
...#...................#########.
#.##.#.....#####.####### #.
#.##.#.....#####.# #.
...#####.#.......# #. #'####
#.......#.# #. ...#.#####.###.#.#
#. .8.†._##...# #.#.# #.
...#.####### ###@##### #. #†####
#. #K....# ## ...### ###§ #..##.#
#_##.# ###..§§###..#.#
####.##.##.§§K.)'..#.#
##.#)#...#§§§§.))..#.#
#....#$∩§§§§..######.#
##.#.#..§##... #.# #.####.##§§.
#.#


You could see a kobold.

Vanquished Creatures
  A phantom (D:3)
  An orc priest (D:3)
  Jessica (D:2)
  Terence (D:2)
  2 orc wizards (D:3)
  4 gnolls (D:2)
  2 adders
  4 dart slugs
  3 orcs (D:3)
  7 ball pythons
  6 bats
  6 endoplasms
  2 giant cockroaches (D:1)
  7 goblins
  7 hobgoblins
  7 kobolds
  A quokka (D:3)
  2 frilled lizards (D:1)
  3 rats
67 creatures vanquished.

Notes
Turn   | Place    | Note
-------+----------+-------------------------------------------
     0 | D:1      | Gargoyl the Gargoyle Berserker began the quest for the Orb.
     0 | D:1      | Reached XP level 1. HP: 14/14 MP: 1/1
   126 | D:1      | Reached XP level 2. HP: 19/19 MP: 2/2
   471 | D:1      | Reached XP level 3. HP: 23/23 MP: 3/3
   488 | D:1      | Found a faded altar of an unknown god.
   662 | D:2      | Noticed Jessica
   668 | D:2      | Killed Jessica
   669 | D:2      | Reached XP level 4. HP: 29/29 MP: 4/4
   881 | D:2      | Reached skill level 1 in Maces & Flails
   907 | D:2      | Found a shimmering blue altar of Sif Muna.
   947 | D:2      | Noticed Terence
   954 | D:2      | Killed Terence
   955 | D:2      | Reached XP level 5. HP: 33/33 MP: 5/5
  1350 | D:3      | Reached ** piety under Trog
  1356 | D:3      | Noticed a phantom
  1356 | D:3      | HP: 1/33 [orc/+0 flail (3)]
  1361 | D:3      | Reached XP level 6. HP: 3/38 MP: 6/6
  2136 | D:3      | Found a large runed translucent door.
  2136 | D:3      | Found a large runed translucent door.
  2223 | D:3      | Found an ancient bone altar of Kikubaaqudgha.
  2235 | D:3      | Found a glowing golden altar of the Shining One.
  2241 | D:3      | Found a basalt altar of Yredelemnul.
  2364 | D:3      | Found a one-way gate to the infinite horrors of the Abyss.
  2447 | D:3      | Found a corrupted altar of Lugonu.
  2581 | D:3      | Slain by a kobold

Illustrated notes

Levels and vault maps discovered:
D:1:      mainiacjoe_arrival_reflecting_pool, layout_rooms,
          ebering_ecumenical_altar_webs
D:2:      layout_basic, basic_altar, kennysheep_cross_bottleneck, uniq_terence,
          uniq_jessica
D:3:      due_chaos_kobolds, layout_loops_ring, grunt_temple_overflow_diamond

Skill      XL: |  1  2  3  4  5 |
---------------+----------------+-----
Axes           | 3 4 |  4.3
Dodging        | 2 |  2.5
Maces & Flails | 1 2 |  2.1
Fighting       | 4 |  4.3
Armour         | 3 |  3.5
Stealth        | |  0.5

Action                     |  1- 3 |  4- 6 || total
---------------------------+-------+-------++-------
  Melee: Hand axe          |    11 |   133 ||   144
         Whip              |    48 |     6 ||    54
         Punch             |       |     2 ||     2
 Invoke: Berserk           |     1 |     3 ||     4
         Trog's Hand       |       |     1 ||     1
    Use: Scroll            |     2 |     6 ||     8
         Potion            |       |     5 ||     5
 Armour: Animal skin       |    12 |       ||    12
         Ring mail         |    11 |   101 ||   112
  Dodge: Dodged            |    39 |    90 ||   129

Table legend: (Time is in decaauts)
 A = Elapsed time spent in this place.
 B = Non-inter-level travel time spent in this place.
 C = Inter-level travel time spent in this place.
 D = Time resting spent in this place.
 E = Time spent auto-exploring this place.
 F = Levels seen in this place.
 G = Mean time per level.
                   A        B        C        D        E       F      G
               +--------+--------+--------+--------+--------+-----+--------+
         Total |   2629 |   2589 |     40 |    336 |   1586 |   3 |  876.3 |
       Dungeon |   2629 |   2589 |     40 |    336 |   1586 |   3 |  876.3 |
               +--------+--------+--------+--------+--------+-----+--------+

Top non-repeatable levels by time:
     D:2: 1062 daAuts
     D:3: 914 daAuts
     D:1: 651 daAuts
